 Dungeon Crawl Stone Soup version 0.31-a0-188-g5e087ee2ca (webtiles) character file.

Game seed: 6575807876537656513

205 qw the Skirmisher (level 5, -2/29 HPs)
             Began as a Deep Elf Hunter on June 23, 2023.
             Slain by an iguana (12 damage)
             ... on level 4 of the Dungeon.
             The game lasted 00:00:54 (2117 turns).

qw the Skirmisher (Deep Elf Hunter)                 Turns: 2117, Time: 00:00:55

Health: -2/29      AC:  7    Str: 10    XL:     5   Next: 53%
Magic:  7/7        EV: 11    Int: 14    God:
Gold:   150        SH:  5    Dex: 18    Spells: 4/4 levels left

rFire   . . .        Y - +1 shortbow
rCold   . . .        (shield currently unavailable)
rNeg    . . .        h - +0 ring mail
rPois   .            (no helmet)
rElec   .            d - +0 cloak
rCorr   .            c - +0 pair of gloves
SInv    .            (no boots)
Will    .....        g - amulet of reflection
Stlth   +            (no ring)
HPRegen 0.24/turn    (no ring)
MPRegen 0.10/turn

%: reflection
@: no status effects
A: no striking features
a: no special abilities


You were on level 4 of the Dungeon.
You visited 1 branch of the dungeon, and saw 4 of its levels.

You collected 150 gold pieces.


   Skills:
 + Level 1.5 Fighting
 - Level 9.1 Ranged Weapons
 - Level 2.4 Dodging
 - Level 1.2 Stealth


You had 4 spell levels left.
You didn't know any spells.
Your spell library was empty.

Inventory:

Hand Weapons
 Y - a +1 shortbow (weapon)
Armour
 c - a +0 pair of gloves (worn)
 d - a +0 cloak (worn)
 h - a +0 ring mail (worn)
Jewellery
 g - an amulet of reflection (around neck)
Scrolls
 a - a scroll of identify
 f - a scroll of teleportation
Potions
 b - 2 potions of enlightenment
 e - a potion of might
 j - a potion of cancellation {unknown}

Dungeon Overview and Level Annotations

Branches:
Dungeon (4/15)
 Temple: D:4-7

Altars:

Annotations:
D:3 2 transporters
D:4 Grinder


Message History

Pargi bites you but does no damage. Pargi barely misses you.
Pargi closely misses you.
You shoot an arrow. The arrow hits Pargi.
Pargi is almost dead.
You block Pargi's attack. Pargi claws you but does no damage. Pargi claws you.
2108 ||| READING 2 scrolls of teleportation.
As you read the scroll of teleportation, it crumbles to dust.
You feel strangely unstable. You block Pargi's attack.
Pargi claws you but does no damage. x2
You shoot an arrow. The arrow hits Pargi.
You kill Pargi!
Your Ranged Weapons skill increases to level 9!
You have reached level 5!
You shoot an arrow. The arrow completely misses the quokka.
The arrow hits Grinder!
Grinder is severely wounded.
The quokka bites you but does no damage.
Grinder blinks!
The quokka bites you but does no damage.
You shoot an arrow. The arrow closely misses the quokka.
The quokka bites you but does no damage.
You shoot an arrow. The arrow hits the quokka.
You kill the quokka!
Your surroundings suddenly seem different.
An iguana comes into view.
Found a yellow potion, a ring mail and 2 gold pieces.
The iguana hisses angrily.
You shoot an arrow. The arrow hits the iguana!
The iguana is heavily wounded.
You shoot an arrow. The arrow hits the iguana.
The iguana is severely wounded.
You shoot an arrow. The arrow barely misses the iguana.
The iguana completely misses you.
You shoot an arrow.
The arrow hits the iguana but does no damage.
The iguana is severely wounded.
The iguana closely misses you.
You shoot an arrow. The arrow closely misses the iguana.
The iguana bites you!
You die...

# #. ## #.
.. .#
#..#. .#
## #..#.#
.# ..
#.$...
.##.#
#...[. ...
#....l#!#
#.....@.#
.......#.#
###.... .#
###.# ##
#. #+


You could see an iguana.

Vanquished Creatures
  Pargi (D:4)
  An iguana (D:3)
  An adder (D:3)
  A worm (D:3)
  A dart slug (D:2)
  3 orcs (D:3)
  6 ball pythons
  6 bats
  7 endoplasms
  6 giant cockroaches
  4 goblins
  3 hobgoblins
  7 jackals (D:2)
  2 quokkas
  5 frilled lizards
  5 kobolds
  5 rats
64 creatures vanquished.

Notes
Turn   | Place    | Note
-------+----------+-------------------------------------------
     0 | D:1      | qw the Deep Elf Hunter began the quest for the Orb.
     0 | D:1      | Reached XP level 1. HP: 12/12 MP: 3/3
     0 | D:1      | 0 ||| qw: Version: 0.3-a-9-g12657ce
     0 | D:1      | 0 ||| qw: Game counter: 3208
     0 | D:1      | 0 ||| qw: Always use a shield: true
     0 | D:1      | 0 ||| qw: God list: Okawaru
     0 | D:1      | 0 ||| qw: Allow faded altars: false
     0 | D:1      | 0 ||| qw: Do Orc after D:15 true
     0 | D:1      | 0 ||| qw: Do second Lair branch before Depths: true
     0 | D:1      | 0 ||| qw: Lair rune preference: random
     0 | D:1      | 0 ||| qw: Plans: Normal
     0 | D:1      | 0 ||| PLANNING D:1-11
   178 | D:1      | Reached skill level 6 in Ranged Weapons
   178 | D:1      | Reached XP level 2. HP: 16/16 MP: 4/4
   413 | D:1      | 413 ||| UPGRADING to +0 ring mail.
   423 | D:1      | 423 ||| DROPPING +0 leather armour.
   424 | D:1      | 424 ||| READING 3 scrolls labelled FAIT USCHITIGOV.
   425 | D:1      | 425 ||| READING scroll labelled CER HUORERIPU.
   430 | D:1      | 430 ||| READING scroll labelled UTEGIWU XARY.
   431 | D:1      | 431 ||| READING 2 scrolls of identify.
   431 | D:1      | 431 ||| IDENTIFYING dark potion
   432 | D:1      | 432 ||| DROPPING scroll of butterflies.
   433 | D:1      | 433 ||| DROPPING potion of attraction.
   632 | D:2      | Reached XP level 3. HP: 20/20 MP: 5/5
  1080 | D:2      | Reached skill level 7 in Ranged Weapons
  1237 | D:2      | 1237 ||| UPGRADING to amulet of reflection.
  1242 | D:2      | 1242 ||| READING scroll labelled DESEOPH UPUMO.
  1243 | D:2      | 1243 ||| READING scroll labelled LUNLIC LUE.
  1244 | D:2      | 1244 ||| DRINKING 2 bubbling inky potions.
  1275 | D:2      | 1275 ||| DROPPING potion of lignification.
  1507 | D:3      | Found a transporter.
  1511 | D:3      | Found a transporter.
  1673 | D:3      | Reached XP level 4. HP: 25/25 MP: 6/6
  1956 | D:3      | 1956 ||| UPGRADING to +0 pair of gloves.
  1961 | D:3      | 1961 ||| UPGRADING to +0 cloak.
  1966 | D:3      | 1966 ||| READING scroll labelled TIKE ELAETASMU.
  1967 | D:3      | 1967 ||| DRINKING 2 cyan potions.
  1968 | D:3      | 1968 ||| READING 3 scrolls of identify.
  1968 | D:3      | 1968 ||| IDENTIFYING murky dark potion
  1969 | D:3      | 1969 ||| READING 2 scrolls of identify.
  1969 | D:3      | 1969 ||| IDENTIFYING red potion
  1970 | D:3      | 1970 ||| DROPPING potion of berserk rage.
  2017 | D:4      | 2017 ||| STAIRDANCE
  2020 | D:3      | Reached skill level 8 in Ranged Weapons
  2089 | D:4      | Noticed Grinder
  2090 | D:4      | Noticed Pargi
  2107 | D:4      | HP: 6/25 [Pargi (1)]
  2108 | D:4      | 2108 ||| READING 2 scrolls of teleportation.
  2109 | D:4      | Killed Pargi
  2110 | D:4      | Reached skill level 9 in Ranged Weapons
  2110 | D:4      | Reached XP level 5. HP: 8/29 MP: 7/7
  2117 | D:4      | Slain by an iguana

Levels and vault maps discovered:
D:1:      nicolae_arrival_washed_ashore, layout_basic
D:2:      layout_loops_cross
D:3:      gammafunk_wand_slinger, layout_loops_ring, skrybe_limestone_x
D:4:      layout_loops_corners, uniq_pikel, uniq_grinder, uniq_pargi

Skill      XL: |  1  2  3  4 |
---------------+-------------+-----
Ranged Weapons | 6 7 9 |  9.1
Fighting       | |  1.5
Dodging        | |  2.4
Stealth        | |  1.2

Action                     |  1- 3 |  4- 6 || total
---------------------------+-------+-------++-------
   Fire: Shortbow          |   155 |    55 ||   210
    Use: Scroll            |     6 |     4 ||    10
         Potion            |     1 |     1 ||     2
 Armour: Ring mail         |    23 |    21 ||    44
         Leather armour    |     3 |       ||     3
  Dodge: Dodged            |    31 |    19 ||    50
  Block: Other             |     2 |     7 ||     9

Table legend:
 A = Non-vault XP
 B = Vault XP
 C = Vault XP percentage of total XP
 D = Non-vault monster count
 E = Vault monster count
 F = Vault count percentage of total count
                 A         B        C        D         E       F
            +---------+---------+-------+---------+---------+-------
      Total |     164 |     130 |  44.2 |      63 |       1 |   1.6
            +---------+---------+-------+---------+---------+-------
        D:1 |      23 |       0 |   0.0 |      15 |       0 |   0.0
        D:2 |      45 |       0 |   0.0 |      25 |       0 |   0.0
        D:3 |      92 |       0 |   0.0 |      21 |       0 |   0.0
        D:4 |       4 |     130 |  97.0 |       2 |       1 |  33.3
            +---------+---------+-------+---------+---------+-------
